 Dungeon Crawl Stone Soup version 0.23-b1-49-g13d5857 (webtiles) character file.

Game seed: 16214687594377522369

238 Kairos the Chopper (level 6, 32/32 HPs)
             Began as a Vine Stalker Fighter on Feb 3, 2019.
             Quit the game on level 2 of the Dungeon.
             The game lasted 00:02:21 (1425 turns).

Kairos the Chopper (Vine Stalker Fighter)           Turns: 1425, Time: 00:02:22

Health: 32/32      AC:  6    Str: 21    XL:     6   Next: 7%
Magic:  7/7        EV:  7    Int:  8    God:
Gold:   78         SH:  9    Dex: 13    Spells: 5/5 levels left

rFire    . . .     SeeInvis .   a - +1 war axe
rCold    . . .     Gourm    .   c - +0 shield
rNeg     . . .     Faith    .   b - +0 scale mail
rPois    .         Spirit   +   (no helmet)
rElec    .         Reflect  .   (no cloak)
rCorr    .         Harm     .   (no gloves)
MR       .....                  (no boots)
Stlth    ..........             (no amulet)
HPRegen  0.50/turn              (no ring)
MPRegen  0.10/turn              (no ring)

@: very slightly contaminated
A: fangs 2, regeneration 1, magic shield, antimagic bite, no potion heal 3, rot
immunity
a: no special abilities


You were on level 2 of the Dungeon.
You were not hungry.

You visited 1 branch of the dungeon, and saw 2 of its levels.

You collected 78 gold pieces.

Inventory:

Hand Weapons
 a - a +1 war axe (weapon)
Armour
 b - a +0 scale mail (worn)
 c - a +0 shield (worn)
Scrolls
 e - a scroll of blinking
 g - a scroll of identify
 i - 2 scrolls of teleportation
Potions
 d - 2 potions of might
 h - 2 potions of agility {unknown}
 m - a potion of flight {unknown}
Comestibles
 f - 3 rations


   Skills:
 + Level 3.3 Fighting
 + Level 3.8 Axes
 + Level 3.3 Armour
 + Level 0.8 Dodging
 + Level 0.2 Stealth
 + Level 3.3 Shields


You had 5 spell levels left.
You didn't know any spells.
Your spell library was empty.

Dungeon Overview and Level Annotations

Branches:
Dungeon (2/15)

Altars:
Uskayaw


Innate Abilities, Weirdness & Mutations

You have extremely sharp teeth.
Your natural rate of healing is unusually fast.
When hurt, damage is shared between your health and your magic reserves.
Your bite disrupts and absorbs the magic of your enemies.
Potions cannot restore your health.
You are immune to rotting.


Message History

Done exploring.
Done exploring.
Done exploring.
No target in view!
Blink to where?
Press: ? - help, Dir - move target cursor You are very lightly contaminated with residual magic.
As you read the scroll labeled KYMAPO CIUJOBIR, it crumbles to dust.
It was a scroll of blinking.
As you read the scroll labeled WOPLELAANT, it crumbles to dust.
It is a scroll of identify.
i - 2 scrolls of teleportation
As you read the scroll labeled COENLA ZETS, it crumbles to dust.
It is a scroll of enchant weapon.
Your +0 war axe glows red for a moment.
As you read the scroll labeled EREATUILUN, it crumbles to dust.
The scroll dissolves into smoke.
It was a scroll of fog.
As you read the scroll labeled ETRI RIUHAILIW, it crumbles to dust.
You feel blessed for a moment.
It was a scroll of remove curse.
Are you sure you want to abandon this character and quit the game? (Confirm with "yes".)

##...# #..[.....>#
##.## ##....##.#.#
#.####...####.#.#
#.>##....#.......
#..##......##.###
#..##....####.# #
######§§#.....####.###
#..§§§§§...#####...##.
#..§§@§§...#####.####.
#.§.§§§§...##.....##..
#..§§§§§.............#
#########.###.....####
##.........#
####..<##.....#
#.......#.....#
#.......#.....#
#.......#.....#


There were no monsters in sight!

Vanquished Creatures
  Sigmund (D:2)
  Terence (D:2)
  3 adders (D:2)
  2 oozes
  A worm (D:2)
  A leopard gecko (D:2)
  2 giant cockroaches
  6 goblins
  A hobgoblin (D:1)
  5 kobolds
  4 bats
  A frilled lizard (D:1)
  4 rats
32 creatures vanquished.

Notes
Turn   | Place    | Note
-------+----------+-------------------------------------------
     0 | D:1      | Kairos the Vine Stalker Fighter began the quest for the
                  | Orb.
     0 | D:1      | Reached XP level 1. HP: 11/11 MP: 2/2
   316 | D:1      | Reached XP level 2. HP: 15/16 MP: 3/3
   913 | D:2      | Reached XP level 3. HP: 19/19 MP: 4/4
   963 | D:2      | Found a hide-covered altar of Uskayaw.
  1049 | D:2      | Gained mutation: Your natural rate of healing is unusually
                  | fast. [Vine Stalker growth]
  1049 | D:2      | Reached XP level 4. HP: 19/24 MP: 5/5
  1071 | D:2      | Noticed Sigmund
  1091 | D:2      | Killed Sigmund
  1091 | D:2      | Reached XP level 5. HP: 13/28 MP: 6/6
  1224 | D:2      | Noticed Terence
  1235 | D:2      | Killed Terence
  1235 | D:2      | Reached XP level 6. HP: 32/32 MP: 7/7
  1425 | D:2      | Quit the game

Skill      XL: |  1  2  3  4 |
---------------+-------------+-----
Axes           | 2 3 |  3.8
Fighting       | 3 |  3.3
Shields        | 3 |  3.3
Armour         | 3 |  3.3
Dodging        | |  0.8
Stealth        | |  0.2

Action                   |  1- 3 |  4- 6 || total
-------------------------+-------+-------++-------
Melee: War axe           |    48 |    27 ||    75
       Bite              |    13 |    10 ||    23
  Use: Scroll            |       |     5 ||     5
  Eat: Chunk             |       |     2 ||     2
Armor: Scale mail        |    16 |    13 ||    29
Dodge: Dodged            |    13 |    13 ||    26
Block: Shield            |    20 |     9 ||    29
